 Dungeon Sprint DCSS version 0.21.2 (webtiles) character file.

10903 Fang the Severer (level 11, -17/80 HPs)
             Began as a Gargoyle Berserker on Dec 21, 2018.
             Was the Champion of Trog.
             Demolished by Rupert
             ... wielding a +0 triple sword of holy wrath
              (23 damage)
             ... in the Dungeon (Sprint VII: "The Pits").
             The game lasted 00:05:51 (3058 turns).

Fang the Severer (Gargoyle Berserker)               Turns: 3058, Time: 00:05:51

Health: -17/80     AC: 16    Str: 28    XL:     11   Next: 69%
Magic:  20/20      EV: 14    Int: 11    God:    Trog [******]
Gold:   51         SH:  0    Dex: 12    Spells: 10/10 levels left

rFire    . . .     SeeInvis +   b - +7 executioner's axe "Oghaelimm" {drain, +Fly rElec rN+ SInv}
rCold    . . .     Gourm    .   (shield currently unavailable)
rNeg     + + .     Faith    .   x - +1 ring mail of Inviolability {*Drain MP+9 Int+4 SInv}
rPois    ∞         Spirit   .   (no helmet)
rElec    +         Reflect  .   (no cloak)
rCorr    .         Harm     .   (no gloves)
MR       .....     NoTele   +   (no boots)
Stlth    ++........             (no amulet)
HPRegen  0.23/turn              o - +3 ring of strength
MPRegen  0.17/turn              s - +3 ring of dexterity

@: no status effects
A: negative energy resistance 1, electricity resistance, unbreathing,
petrification resistance, rot immunity, AC +8
a: Berserk, Trog's Hand, Brothers in Arms, Burn Spellbooks, Renounce Religion,
Evoke Flight


You were in the Dungeon.
You worshipped Trog.
Trog was exalted by your worship.
You were hungry.

You visited 1 branch You collected 51 gold pieces.

Inventory:

Hand Weapons
 b - the +7 executioner's axe "Oghaelimm" (weapon) {drain, +Fly rElec rN+ SInv}
   (Trog gifted it to you in the Dungeon)

   A truly terrible weapon, it drains the life of those it strikes.
   It insulates you from electricity.
   It protects you from negative energy.
   It lets you see invisible.
   It lets you fly.
 j - a +5 executioner's axe of flaming
 m - a +3 antimagic battleaxe
 p - a +3 antimagic battleaxe
 q - a +3 antimagic battleaxe
 t - a +1 broad axe of freezing
Armour
 x - the +1 ring mail of Inviolability (worn) {*Drain MP+9 Int+4 SInv}
   (You found it in the Dungeon)

   It affects your intelligence (+4).
   It affects your magic capacity (+9).
   It lets you see invisible.
   It causes draining when unequipped.
Jewellery
 o - a +3 ring of strength (left hand)
 s - a +3 ring of dexterity (right hand)
 w - an uncursed ring of protection from cold
Scrolls
 i - 2 scrolls of blinking
 k - 5 scrolls of remove curse
 l - a scroll of summoning
 n - a scroll of fog
 v - 4 scrolls of fear
Potions
 a - 2 potions of invisibility
 d - 8 potions of curing
 e - 16 potions of heal wounds
 f - 4 potions of haste
 g - 4 potions of magic
 h - 3 potions of berserk rage
 r - 2 potions of agility
Comestibles
 c - 7 rations
 u - 3 chunks of flesh


   Skills:
 + Level 14.8 Fighting
 + Level 18.5 Axes
 + Level 12.4 Armour
 + Level 5.6 Dodging
 + Level 3.7 Stealth


You had 10 spell levels left.
You didn't know any spells.

Dungeon Overview and Level Annotations

Branches:
Dungeon (1/1)

Altars:
Cheibriados
Dithmenos
Elyvilon
Fedhas
Gozag
Hepliaklqana
Makhleb
Nemelex Xobeh
Okawaru
Qazlal
Ru
Sif Muna
Trog
Wu Jian
Xom
Yredelemnul
Zin
The Shining One
Jiyva

Annotations:
D Rupert


Innate Abilities, Weirdness & Mutations

You are resistant to torment.
Your stone body is resilient. (AC +8)
You are immune to poison.
You resist negative energy. (rN+)
You are resistant to electric shocks. (rElec)
You can survive without breathing.
You are immune to petrification.
You are immune to rotting.


Message History

The manticore claws you but does no damage.
Rupert hits you but does no damage. The manticore bites you!
* * * LOW HITPOINT WARNING * * *
The manticore claws you.
* * * LOW HITPOINT WARNING * * *
The manticore claws you!
* * * LOW HITPOINT WARNING * * *
Rupert hits you but does no damage.
You feel less confused.
The manticore bites you but does no damage.
The manticore claws you.
* * * LOW HITPOINT WARNING * * *
The manticore barely misses you.
You can move again.
You feel much better. The manticore bites you!
* * * LOW HITPOINT WARNING * * *
The manticore claws you but does no damage. x2
Rupert hits you with a triple sword of holy wrath!!
You die...

#..# #..# #..# ####### #..#
..##..# #..# ..##..# #..#
..''..# #H@#
..''..##########@.#
..##...)..........#
..##..............#
################### ####
######## ################
...###..'...# #...........'.!#
...##..##...###...........#..#
#'##..###...'.##.........##.!#
.......##...#..###.....####!.#


You could see Rupert and a manticore.

Vanquished Creatures
  Erica (D)
  An anaconda (D)
  2 two-headed ogres (D)
  A shadow wraith (D)
  A sea snake (D)
  A swamp dragon (D)
  A large abomination (D)
  2 orc knights (D)
  An orc sorcerer (D)
  A manticore (D)
  A rust devil (D)
  A gargoyle (D)
  A kobold demonologist (D)
  A guardian mummy (D)
  A hornet (D)
  2 bog bodies (D)
  A yak (D)
  A basilisk (D)
  A spriggan (D)
  A steam dragon (D)
  3 vampire mosquitoes (D)
  Duvessa (D)
  3 orc warriors (D)
  An eye of draining (D)
  An ice beast (D)
  A crocodile (D)
  A big kobold (D)
  2 small abominations (D)
  An earth elemental (D)
  Dowan (D)
  2 scorpions (D)
  2 killer bees (D)
  An orc priest (D)
  2 jellies (D)
  4 orc wizards (D)
  Crazy Yiuf (D)
  A gnoll shaman (D)
  5 gnolls (D)
  An adder (D)
  A river rat (D)
  3 oozes (D)
  An adder zombie (D)
  16 orcs (D)
  A giant cockroach (D)
  2 hobgoblins (D)
  A kobold (D)
  2 ball pythons (D)
  2 frilled lizards (D)
  A rat (D)
87 creatures vanquished.

Vanquished Creatures (collateral kills)
  A smoke demon (D)
  2 wraiths (D)
  A ynoxinul (D)
  4 yaks (D)
  A gnoll (D)
9 creatures vanquished.

Vanquished Creatures (others)
  A quasit (D)
1 creature vanquished.

Grand Total: 97 creatures vanquished

Notes
Turn   | Place    | Note
-------+----------+-------------------------------------------
     0 | D        | Fang the Gargoyle Berserker began the quest for the Orb.
     0 | D        | Reached XP level 1. HP: 14/14 MP: 1/1
    20 | D        | Found a bloodstained altar of Trog.
    20 | D        | Found a deep blue altar of Sif Muna.
    20 | D        | Found a viscous altar of Jiyva.
    20 | D        | Found a hazy altar of Hepliaklqana.
    20 | D        | Found an opulent altar of Gozag.
    56 | D        | Reached skill level 3 in Axes
    67 | D        | Reached ** piety under Trog
    75 | D        | Reached XP level 2. HP: 20/20 MP: 2/2
    79 | D        | Reached skill level 4 in Axes
   143 | D        | Reached *** piety under Trog
   148 | D        | Reached skill level 5 in Fighting
   148 | D        | Reached XP level 3. HP: 7/26 MP: 3/3
   149 | D        | Reached skill level 5 in Axes
   149 | D        | Reached XP level 4. HP: 9/32 MP: 4/4
   442 | D        | Found a glowing golden altar of the Shining One.
   442 | D        | Found a glowing silver altar of Zin.
   442 | D        | Found a basalt altar of Yredelemnul.
   442 | D        | Found a shimmering altar of Xom.
   442 | D        | Found an ornate altar of the Wu Jian Council.
   442 | D        | Found a sacrificial altar of Ru.
   442 | D        | Found a stormy altar of Qazlal.
   442 | D        | Found an iron altar of Okawaru.
   442 | D        | Found a sparkling altar of Nemelex Xobeh.
   442 | D        | Found a burning altar of Makhleb.
   442 | D        | Found a blossoming altar of Fedhas.
   442 | D        | Found a white marble altar of Elyvilon.
   442 | D        | Found a shadowy altar of Dithmenos.
   442 | D        | Found a snail-covered altar of Cheibriados.
   465 | D        | Noticed an orc warrior
   468 | D        | Reached **** piety under Trog
   471 | D        | Noticed Crazy Yiuf
   473 | D        | Reached skill level 6 in Axes
   473 | D        | Reached XP level 5. HP: 37/37 MP: 5/5
   474 | D        | Noticed a big kobold
   478 | D        | Killed an orc warrior
   478 | D        | Reached skill level 7 in Axes
   478 | D        | Reached skill level 1 in Stealth
   479 | D        | Reached ***** piety under Trog
   480 | D        | Reached XP level 6. HP: 44/44 MP: 6/6
   483 | D        | Reached skill level 8 in Axes
   489 | D        | Killed Crazy Yiuf
   492 | D        | Reached skill level 9 in Axes
   492 | D        | Reached skill level 5 in Armour
   667 | D        | Reached XP level 7. HP: 32/51 MP: 7/7
   850 | D        | Noticed Duvessa
   850 | D        | Noticed Dowan
   857 | D        | Received a gift from Trog
   859 | D        | Killed Dowan
   870 | D        | Killed Duvessa
   870 | D        | Reached skill level 10 in Axes
   949 | D        | Noticed a steam dragon
   949 | D        | Noticed a swamp dragon
   954 | D        | Killed a steam dragon
   954 | D        | Reached skill level 10 in Fighting
   969 | D        | Killed a swamp dragon
   969 | D        | Reached ****** piety under Trog
   969 | D        | Received a gift from Trog
   969 | D        | Reached skill level 11 in Axes
   969 | D        | Reached XP level 8. HP: 59/59 MP: 8/8
  1140 | D        | Noticed a gargoyle
  1145 | D        | Killed a gargoyle
  1145 | D        | Reached skill level 12 in Axes
  1157 | D        | Reached XP level 9. HP: 60/64 MP: 3/9
  1158 | D        | Received a gift from Trog
  1164 | D        | Noticed a smoke demon
  1171 | D        | Killed a smoke demon
  1171 | D        | Reached skill level 13 in Axes
  1171 | D        | Reached skill level 5 in Dodging
  1172 | D        | HP: 1/64 [burnt (10)]
  1465 | D        | Noticed an orc knight
  1465 | D        | Noticed an orc sorcerer
  1465 | D        | Noticed an anaconda
  1466 | D        | Noticed a sea snake
  1470 | D        | Noticed an ice devil
  1476 | D        | Killed an orc knight
  1476 | D        | Reached skill level 10 in Armour
  1477 | D        | Killed a shadow wraith
  1477 | D        | Reached skill level 14 in Axes
  1477 | D        | Paralysed by an orc sorcerer for 4 turns
  1484 | D        | Noticed a smoke demon
  1486 | D        | Killed an orc sorcerer
  1486 | D        | Received a gift from Trog
  1486 | D        | Reached XP level 10. HP: 32/72 MP: 3/10
  1487 | D        | Killed an anaconda
  1487 | D        | Reached skill level 15 in Axes
  1496 | D        | Killed a sea snake
  1805 | D        | Noticed a reaper
  1807 | D        | Received a gift from Trog
  1822 | D        | Got a fine executioner's axe {god gift}
  1823 | D        | Identified the +7 executioner's axe "Oghaelimm" {drain, +Fly rElec rN+ SInv} (Trog gifted it to you in the Dungeon)
  2068 | D        | Received a gift from Trog
  2071 | D        | Reached skill level 16 in Axes
  2092 | D        | Noticed a kobold demonologist
  2092 | D        | Noticed an orc knight
  2099 | D        | Killed a kobold demonologist
  2103 | D        | Killed an orc knight
  2103 | D        | Reached XP level 11. HP: 79/79 MP: 8/11
  2105 | D        | Received a gift from Trog
  2171 | D        | Reached skill level 17 in Axes
  2475 | D        | Noticed a large abomination
  2479 | D        | Noticed Erica
  2482 | D        | Received a gift from Trog
  2487 | D        | Killed a large abomination
  2490 | D        | Received a gift from Trog
  2491 | D        | Killed Erica
  2496 | D        | Received a gift from Trog
  2812 | D        | Got the +1 ring mail of Inviolability {*Drain MP+9 Int+4 SInv}
  2909 | D        | Noticed a two-headed ogre
  2910 | D        | Noticed a two-headed ogre
  2916 | D        | Killed a two-headed ogre
  2916 | D        | Reached skill level 18 in Axes
  2917 | D        | Killed a two-headed ogre
  3045 | D        | Noticed a manticore
  3045 | D        | Noticed Rupert
  3045 | D        | Noticed a manticore
  3049 | D        | Killed a manticore
  3052 | D        | Paralysed by Rupert for 6 turns
  3057 | D        | HP: 3/80 [manticore (3)]
  3058 | D        | Demolished by Rupert

Skill      XL: |  1  2  3  4  5  6  7  8  9 10 11 |
---------------+----------------------------------+-----
Fighting       | 4 5 6 8 9 10 11 12 13 14 | 14.8
Axes           | 3 4 5 6 7 9 11 12 14 16 18 | 18.5
Dodging        | 2 3 4 5 |  5.6
Armour         | 3 4 5 8 9 10 11 12 | 12.4
Stealth        | 1 2 3 |  3.7

Action                   |  1- 3 |  4- 6 |  7- 9 | 10-12 || total
-------------------------+-------+-------+-------+-------++-------
Melee: Hand axe          |    26 |    49 |    37 |       ||   112
       Battleaxe         |       |       |    37 |    24 ||    61
       Executioner's axe |       |       |       |    82 ||    82
Invok: Berserk           |     1 |     2 |     4 |     3 ||    10
       Brothers in Arms  |       |       |     1 |     2 ||     3
  Use: Potion            |       |       |       |     1 ||     1
 Stab: Sleeping          |     1 |       |       |       ||     1
  Eat: Chunk             |       |     1 |     6 |     3 ||    10
       Ration            |       |       |       |     2 ||     2
Armor: Animal skin       |    10 |       |       |       ||    10
       Scale mail        |       |    20 |    19 |       ||    39
       Chain mail        |       |       |    45 |    89 ||   134
       Ring mail         |       |       |       |    16 ||    16
Dodge: Dodged            |    23 |    20 |    31 |    74 ||   148
